 Dungeon Crawl Stone Soup version 0.30-a0-605-gb2882149bf (webtiles) character file.

Game seed: 8771656519868625969

9 OTABOTABOTAB the Insei (level 2, 7/18 HPs)
             Began as an Octopode Transmuter on Jan 8, 2023.
             Quit the game on level 1 of the Dungeon.
             The game lasted 00:00:21 (72 turns).

OTABOTABOTAB the Insei (Octopode Transmuter)          Turns: 72, Time: 00:00:21

Health: 7/18       AC:  1    Str:  9    XL:     2   Next: 12%
Magic:  3/5        EV: 13    Int: 15    God:
Gold:   0          SH:  0    Dex: 12    Spells: 4/5 levels left

rFire   . . .      SeeInvis .      - Unarmed
rCold   . . .      Faith    .    (no shield)
rNeg    . . .      Spirit   .    (helmet currently unavailable)
rPois   .          Reflect  .    (no amulet)
rElec   .          Harm     .    (no ring)
rCorr   .          Rampage  .    (no ring)
Will    .....                    (no ring)
Stlth   ++                       (no ring)
HPRegen 0.23/turn                (no ring)
MPRegen 0.09/turn                (no ring)
                                 (no ring)
                                 (no ring)

@: appendages
A: tentacle spike 3, almost no armour, amphibious, 8 rings, camouflage 1,
gelatinous body 1, (nimble swimmer 1), tentacles
a: End Transformation


You were on level 1 of the Dungeon.
One of your tentacles had grown a beastly spike.
You visited 1 branch of the dungeon, and saw 1 of its levels.

Inventory:

Potions
 P - a potion of lignification {!q}


   Skills:
 - Level 1.0 Fighting
 - Level 2.0 Dodging
 + Level 3.3 Unarmed Combat
 - Level 2.0 Spellcasting
 + Level 2.4 Transmutations


You had 4 spell levels left.
You knew the following spells:

 Your Spells              Type           Power      Damage    Failure   Level
a - Beastly Appendage     Tmut           16%        N/A       9%          1

Your spell library contained the following spells:

 Spells                   Type           Power      Damage    Failure   Level
 Wereblood                Tmut           8%         N/A       12%         2
 Spider Form              Tmut/Pois      5%         N/A       38%         3
 Ice Form                 Ice/Tmut       5%         N/A       80%         4


Dungeon Overview and Level Annotations

Branches:
Dungeon (1/15)

Altars:


Innate Abilities, Weirdness & Mutations

One of your tentacles has grown a beastly spike.
You cannot wear most types of armour.
You are amphibious.
You can wear up to eight rings at the same time.
Your skin changes colour to match your surroundings (Stealth+).
Your rubbery body absorbs attacks. (AC +1, EV +1)
((You are camouflaged when in or above water. (Stealth+)))
You have tentacles for arms and can constrict up to eight enemies at once.


Message History

Bad channel name for runrest: 'Jiyva says: Divide and consume' Welcome, OTABOTABOTAB the Octopode Transmuter.
The terrific Orb of Zot lies far below, as if waiting for you to find it.
Found a staircase leading out of the dungeon.
There are no items here.
You enter the shallow water.
A giant cockroach comes into view.
One of your tentacles grows a vicious spike.
You now have 2/3 mp.
A frilled lizard comes into view.
The frilled lizard hisses angrily.
Unknown command.
You barely miss the giant cockroach. You grab the giant cockroach.
You constrict the giant cockroach.
The giant cockroach bites you but does no damage.
The giant cockroach misses you.
You tentacle-slap the giant cockroach.
You kill the giant cockroach!
You tentacle-slap the frilled lizard.
You kill the frilled lizard!
No target in view!
Unknown command.
No target in view!
Unknown command.
Your tentacle spike disappears.
You see here a giant cockroach corpse.
An endoplasm comes into view.
MP restored: 3 An endoplasm is nearby!
One of your tentacles grows a vicious spike.
You now have 2/3 mp.
A quokka comes into view.
Unknown command.
The helpless endoplasm fails to defend itself.
You tentacle-slap the endoplasm but do no damage.
The endoplasm freezes you.
You are frozen.
You take 3 damage, and have 10/13 hp.
MASSIVE DAMAGE!!
You tentacle-slap the endoplasm.
You pierce the endoplasm.
The endoplasm hits you.
You take 1 damage, and have 9/13 hp.
You tentacle-slap the endoplasm.
You kill the endoplasm!
An endoplasm comes into view.
The quokka closely misses you.
You tentacle-slap the quokka. You grab the quokka.
Your tentacle spike misses the quokka.
You constrict the quokka, but do no damage.
The quokka barely misses you.
Unknown command.
You tentacle-slap the quokka.
Your tentacle spike misses the quokka.
You constrict the quokka, but do no damage.
The quokka misses you.
You barely miss the quokka. You constrict the quokka.
You kill the quokka!
A quokka and a hobgoblin come into view.
Your transformation is almost over.
You extend your transformation's duration.
You now have 1/3 mp.
You tentacle-slap the endoplasm but do no damage.
You squeeze the endoplasm. The quokka closely misses you.
The endoplasm hits you. The quokka barely misses you.
You take 1 damage, and have 9/13 hp.
Unknown command.
You tentacle-slap the endoplasm. The endoplasm hits you.
The quokka closely misses you.
You take 1 damage, and have 8/13 hp.
You tentacle-slap the endoplasm.
You kill the endoplasm!
The quokka barely misses you.
You closely miss the quokka. Your grab misses the quokka.
You pierce the quokka.
Your squeeze misses the quokka. The quokka bites you.
You take 1 damage, and have 7/13 hp.
Unknown command.
You are too injured to fight recklessly!
You are too injured to fight recklessly!
You are too injured to fight recklessly!
You tentacle-slap the quokka but do no damage.
You grab the quokka.
You pierce the quokka.
You kill the quokka!
You have reached level 2!
You regained 4 hp, and now have 11/18 hp.
You tentacle-slap the hobgoblin. You grab the hobgoblin.
You squeeze the hobgoblin, but do no damage.
You constrict the hobgoblin, but do no damage.
The hobgoblin hits you.
You take 4 damage, and have 7/18 hp.
MASSIVE DAMAGE!!
You tentacle-slap the hobgoblin.
You kill the hobgoblin!
You see here a hobgoblin corpse.

#### ##...#######
##..........#
#.......###.#
.......@.##.#
.........##.######
.........#.......#
#.......##..####.#
##.....###....##†#
##...# #.##.##.#
#### #.##.##.#
#.##.##.#
##.......#


There were no monsters in sight!

Vanquished Creatures
  2 endoplasms (D:1)
  A giant cockroach (D:1)
  A hobgoblin (D:1)
  2 quokkas (D:1)
  A frilled lizard (D:1)
7 creatures vanquished.

Notes
Turn   | Place    | Note
-------+----------+-------------------------------------------
     0 | D:1      | OTABOTABOTAB the Octopode Transmuter began the quest for
                  | the Orb.
     0 | D:1      | Reached XP level 1. HP: 13/13 MP: 3/3
    69 | D:1      | Reached XP level 2. HP: 11/18 MP: 3/5
    72 | D:1      | Quit the game

Illustrated notes

Levels and vault maps discovered:
D:1:      reono_arrival_forest_river, layout_loops_corners, chequers_mini_garden

Action                   || total
-------------------------++-------
Melee: Unarmed           ||    16
       Constrict         ||     4
       Kick              ||     3
       Tentacles         ||     2
 Cast: Beastly Appendage ||     3
 Abil: End Transformatio ||     1
 Stab: Sleeping          ||     1
Armor: Skin              ||     1
Dodge: Dodged            ||     8

Table legend: (Time is in decaauts)
 A = Elapsed time spent in this place.
 B = Non-inter-level travel time spent in this place.
 C = Inter-level travel time spent in this place.
 D = Time resting spent in this place.
 E = Time spent auto-exploring this place.
 F = Levels seen in this place.
 G = Mean time per level.
                   A        B        C        D        E       F      G
               +--------+--------+--------+--------+--------+-----+--------+
         Total |     71 |     71 |      0 |      0 |     42 |   1 |   71.0 |
       Dungeon |     71 |     71 |      0 |      0 |     42 |   1 |   71.0 |
               +--------+--------+--------+--------+--------+-----+--------+

Top non-repeatable levels by time:
     D:1: 71 daAuts

Table legend:
 A = Kills in this place as a percentage of kills in entire the game.
 B = Kills by you in this place as a percentage of kills by you in the entire game.
 C = Kills by friends in this place as a percentage of kills by friends in the entire game.
 D = Other kills in this place as a percentage of other kills in the entire game.
 E = Experience gained in this place as a percentage of experience gained in the entire game.
 F = Experience gained in this place divided by the number of levels of this place that you have seen.
                   A       B       C       D       E      F
               +-------+-------+-------+-------+-------+----------------------
         Total | 100.0 | 100.0 |   N/A |   N/A | 100.0 |  13.0
       Dungeon | 100.0 | 100.0 |   N/A |   N/A | 100.0 |  13.0
               +-------+-------+-------+-------+-------+----------------------
